 Dungeon Crawl Stone Soup version 0.25-a0-294-gea9b1ad378 (webtiles) character file.

Game seed: 3210709385702658082, levelgen mode: deterministic

0 Gargoyl the Skirmisher (level 1, -18/19 HPs)
             Began as a Centaur Abyssal Knight on Dec 16, 2019.
             Was a Follower of Lugonu.
             Demolished by a tentacled starspawn (28 damage)
             ... on level 2 of the Abyss.
             The game lasted 00:01:23 (282 turns).

Gargoyl the Skirmisher (Centaur Abyssal Knight)      Turns: 282, Time: 00:01:24

Health: -18/19     AC:  7    Str: 19    XL:     1   Next: 0%
Magic:  2/2        EV:  2    Int: 11    God:    Lugonu [*.....]
Gold:   15         SH:  0    Dex:  8    Spells: 0/0 levels left

rFire    . . .     SeeInvis .   a - +1 hand axe
rCold    . . .     Gourm    .   (no shield)
rNeg     . . .     Faith    .   d - +0 chain mail
rPois    .         Spirit   .   (no helmet)
rElec    .         Reflect  .   (no cloak)
rCorr    .         Harm     .   (no gloves)
MR       .....                  (no barding)
Stlth    ..........             (no amulet)
HPRegen  0.06/turn              (no ring)
MPRegen  0.08/turn              (no ring)

@: confused, mighty, constricted, very quick
A: large, hooves 3, deformed body, speed 2, tough skin 3
a: Depart the Abyss, Renounce Religion


You were on level 2 of the Abyss.
You worshipped Lugonu.
Lugonu was aware of your devotion.
You were not hungry.

You visited 0 branches of the dungeon, and saw 0 of its levels.
You visited the Abyss 1 time.

You collected 15 gold pieces.

Inventory:

Hand Weapons
 a - a +1 hand axe (weapon)
Armour
 d - a +0 chain mail (worn)
Potions
 e - a potion of might
Comestibles
 c - a ration


   Skills:
 + Level 3.0 Fighting
 + Level 1.7 Axes
 + Level 1.3 Armour
 + Level 0.6 Dodging
 + Level 2.0 Invocations


You couldn't memorise any spells.
You didn't know any spells.
Your spell library was empty.

Dungeon Overview and Level Annotations

Branches:
Dungeon (0/15)

Altars:


Innate Abilities, Weirdness & Mutations

You have hooves in place of feet.
Armour fits poorly on your strangely shaped body.
You cover ground very quickly.
You have extremely tough skin. (AC +3)


Message History

The starspawn tentacle loses its grip on you.
The golden eye blinks at you.
You are more confused.
The golden eye blinks at you.
The tentacled starspawn bites you but does no damage.
The tentacled starspawn engulfs you. The golden eye blinks at you. x2
The starspawn tentacle barely misses you.
The golden eye blinks at you.
The tentacled starspawn bites you but does no damage.
The tentacled starspawn engulfs you but does no damage.
You bump into the rock wall.
The golden eye blinks!
The golden eye blinks at you.
You are more confused.
The golden eye blinks!
The starspawn tentacle grabs you. The starspawn tentacle constricts you.
The golden eye blinks at you. x2
You resist with some effort. The tentacled starspawn bites you!!
Ouch! That really hurt!
You die...

# .#..#..#.# #.. # #...
#..# .# .#(#.. .
#...#..# #.#...##..#.#
#.###......# ....# ##.
####.#...#### . #
####.#..#.#.#....#.
###.#.#.#.#.#. #. #..#.
#....#G#..#.#..#.#.####
#...§w@G#... .. # # ..
......XG§....... # ###
.G§..│.G........ .# .
.#...w#G..#..... . ##
##..#...##....# # ....
.... .... # ..... ....
... . # ._.. ##..## . #
.. # . .. # .


You could see a tentacled starspawn, 2 starspawn tentacles and 6 golden eyes.

Vanquished Creatures (others)
  A starspawn tentacle (Abyss:2)
1 creature vanquished.

Notes
Turn   | Place    | Note
-------+----------+-------------------------------------------
     0 | Abyss:1  | Gargoyl the Centaur Abyssal Knight began the quest for the
                  | Orb.
     0 | Abyss:1  | Reached XP level 1. HP: 19/19 MP: 2/2
    87 | Abyss:1  | Noticed an ancient zyme
   112 | Abyss:1  | Noticed a tentacled starspawn
   123 | Abyss:1  | Found a corrupted altar of Lugonu.
   270 | Abyss:2  | Noticed a golden eye
   272 | Abyss:2  | Noticed a golden eye
   273 | Abyss:2  | Noticed a golden eye
   273 | Abyss:2  | Noticed a golden eye
   274 | Abyss:2  | Noticed a tentacled starspawn
   274 | Abyss:2  | Noticed a golden eye
   275 | Abyss:2  | Noticed a golden eye
   276 | Abyss:2  | Found a corrupted altar of Lugonu.
   282 | Abyss:2  | Demolished by a tentacled starspawn

Levels and vault maps discovered:
Abyss:2:  hangedman_abyss_batty_box

Action                   || total
-------------------------++-------
Melee: Hand axe          ||     4
       Kick              ||     1
  Use: Potion            ||     1
Armor: Chain mail        ||     3
Dodge: Dodged            ||     1

Table legend:
 A = Non-vault XP
 B = Vault XP
 C = Vault XP percentage of total XP
 D = Non-vault monster count
 E = Vault monster count
 F = Vault count percentage of total count
                 A         B        C        D         E       F
            +---------+---------+-------+---------+---------+-------
      Total |       0 |       0 |   N/A |       0 |       0 |  -nan
            +---------+---------+-------+---------+---------+-------
            +---------+---------+-------+---------+---------+-------
